 Dungeon Crawl Stone Soup version 0.14-a0-2737-gb10a4c8 (webtiles) character file.

2248 HollowCharge the Slicer (level 8, -2/68 HPs)
             Began as a Vampire Gladiator on Feb 21, 2014.
             Was a Follower of Dithmenos.
             Slain by a wyvern skeleton (3 damage)
             ... on Level 8 of the Dungeon.
             The game lasted 00:43:19 (9249 turns).

HollowCharge the Slicer (Vampire Gladiator)         Turns: 9249, Time: 00:43:19

HP  -2/68        AC  4     Str 14      XL: 8   Next: 92%
MP   8/8         EV 16     Int 10      God: Dithmenos [*.....]
Gold 365         SH  0     Dex 16      Spells:  0 memorised,  7 levels left

rFire  . . .     SeeInvis +     n - +3,+4 dagger (venom)
rCold  . . .     Clarity  .     f - +0 robe (curse)
rNeg   + . .     Conserve .     (no shield)
rPois  .         rCorr    .     c - +0 helmet
rElec  .         rRot     .     (no cloak)
SustAb . .       Spirit   .     t - +0 pair of orc gloves
rMut   .         Warding  .     (no boots)
Saprov . . .     Stasis   .     (no amulet)
MR     .....                    (no ring)
                                (no ring)

@: wreathed by umbra, not resistant to hostile enchantments, extremely stealthy
A: bottle blood, fangs 3, see invisible, robust 1, unbreathing
a: Bat Form, Bottle Blood, Renounce Religion


You were on level 8 of the Dungeon.
You worshipped Dithmenos.
Dithmenos was aware of your devotion.
You were not thirsty.

You visited 2 branches of the dungeon, and saw 9 of its levels.

You collected 365 gold pieces.

Inventory:

Hand weapons
 n - a +3,+4 dagger of venom (weapon)
Missiles
 l - a throwing net (quivered)
 o - 6 poisoned needles
Armour
 c - a +0 helmet (worn)
 f - a cursed +0 robe (worn)
 i - a +0 orcish leather armour
 t - a +0 pair of orcish gloves (worn)
Magical devices
 h - a wand of polymorph (10) {unknown}
Scrolls
 a - a scroll of fog
 b - 2 scrolls of identify
 e - 5 scrolls of teleportation
 g - a scroll of vulnerability {unknown}
Jewellery
 m - a cursed ring of magical power
Potions
 d - a potion of restore abilities
 j - 2 potions of blood
 k - 6 potions of curing
 p - a potion of cure mutation


   Skills:
 + Level 5.0 Fighting
 * Level 8.9 Short Blades
 - Level 1.5 Throwing
 + Level 6.3 Dodging
 + Level 7.8 Stealth


You had 7 spell levels left.
You didn't know any spells.

Dungeon Overview and Level Annotations

Branches:
Dungeon (8/16)             Temple (1/1) D:4
   Lair: D:8-11

Altars:
Ashenzari
Cheibriados
Dithmenos
Elyvilon
Fedhas
Kikubaaqudgha
Makhleb
Nemelex Xobeh
Okawaru
Sif Muna
Vehumet
Xom
Yredelemnul
Zin
The Shining One


Innate Abilities, Weirdness & Mutations

You can bottle blood from corpses.
You have razor-sharp teeth.*
You have supernaturally acute eyesight.
You can survive without breathing.*
You are robust (+10% HP).


Message History

The wyvern skeleton bites you! The wyvern skeleton closely misses you.
You hit the wyvern skeleton. You hit the wyvern skeleton.
The wyvern skeleton closely misses you.
You hit the wyvern skeleton but do no damage.
Your bite misses the wyvern skeleton. The wyvern skeleton bites you.
You hit the wyvern skeleton. The wyvern skeleton bites you!
You hit the wyvern skeleton. You bite the wyvern skeleton.
You barely miss the wyvern skeleton. Your bite misses the wyvern skeleton.
The wyvern skeleton barely misses you.
You hit the wyvern skeleton. The wyvern skeleton bites you.
You hit the wyvern skeleton. The wyvern skeleton bites you!
* * * LOW HITPOINT WARNING * * *
Things that are here:
a runed flail; a scale mail; the human corpse of Edmund The wyvern skeleton closely misses you.
There is a stone staircase leading up here.
The wyvern skeleton bites you!
* * * LOW HITPOINT WARNING * * *
The wyvern skeleton bites you.
You die...

#........###.##
##.#........#....#
I................#
##.#######)##....#
##.####### #....#
#....# #(..Z#
#...@# #....#
######


You could see a wyvern skeleton.

Vanquished Creatures
  A hungry ghost (D:8)
  Edmund (D:8)
  2 ice beasts
  3 phantoms (D:5)
  A centaur (D:6)
  An ogre (D:4)
  2 giant frogs
  5 wights (D:6)
  2 giant frog zombies (D:5)
  A centaur zombie (D:6)
  A jelly (D:6)
  2 hounds
  An orc priest (D:3)
  An iguana (D:5)
  2 worker ants
  2 scorpions
  3 orc wizards
  A worker ant zombie (D:6)
  6 adders
  2 giant mites
  3 gnolls (D:7)
  5 worms
  10 giant geckos
  3 oozes
  14 orcs
  A ball python (D:5)
  12 goblins
  8 hobgoblins
  5 jackals
  4 quokkas
  7 bats
  3 giant cockroaches
  4 giant newts
  A giant spore (D:7)
  13 kobolds
  8 rats
  2 ballistomycetes (D:7)
143 creatures vanquished.

Vanquished Creatures (others)
  A rat (D:1)
1 creature vanquished.

Grand Total: 144 creatures vanquished

Notes
Turn   | Place    | Note
--------------------------------------------------------------
     0 | D:1      | HollowCharge, the Vampire Gladiator, began the quest for the Orb.
     0 | D:1      | Reached XP level 1. HP: 16/16 MP: 1/1
   633 | D:1      | Reached XP level 2. HP: 22/22 MP: 2/2
  1050 | D:1      | Reached skill level 4 in Short Blades
  1374 | D:2      | Reached XP level 3. HP: 17/27 MP: 3/3
  1898 | D:2      | Reached skill level 1 in Stealth
  2422 | D:3      | Reached XP level 4. HP: 34/34 MP: 4/4
  2813 | D:4      | Noticed an ogre
  2863 | D:4      | Paralysed by a potion of paralysis for 6 turns
  2875 | D:4      | Gained mutation: You are robust (+10% HP). [potion of beneficial mutation]
  2882 | D:4      | Killed an ogre
  2882 | D:4      | Reached skill level 5 in Short Blades
  2882 | D:4      | Reached XP level 5. HP: 42/42 MP: 5/5
  3046 | D:4      | Found a staircase to the Ecumenical Temple.
  3071 | Temple   | Entered the Ecumenical Temple
  3223 | Temple   | Became a worshipper of Dithmenos
  4251 | D:5      | Entered Level 5 of the Dungeon
  4304 | D:5      | Reached XP level 6. HP: 26/51 MP: 6/6
  4396 | D:5      | Noticed an ice beast
  4795 | D:5      | Noticed a phantom
  4817 | D:5      | Killed a phantom
  4817 | D:5      | Reached skill level 6 in Short Blades
  4978 | D:5      | Noticed a phantom
  5015 | D:5      | Killed a phantom
  5015 | D:5      | Reached XP level 7. HP: 25/57 MP: 7/7
  5223 | D:5      | Noticed a phantom
  5274 | D:5      | Reached skill level 5 in Stealth
  5280 | D:5      | Killed a phantom
  6114 | D:3      | Reached skill level 7 in Short Blades
  6478 | D:5      | Killed an ice beast
  6478 | D:5      | Reached skill level 5 in Dodging
  6863 | D:6      | Reached XP level 8. HP: 45/66 MP: 8/8
  7359 | D:6      | Found a blossoming altar of Fedhas.
  7625 | D:6      | Reached skill level 8 in Short Blades
  8866 | D:7      | Found a shattered altar of Ashenzari.
  8869 | D:7      | Found an iron altar of Okawaru.
  8869 | D:7      | Found a sparkling altar of Nemelex Xobeh.
  9190 | D:8      | Noticed Edmund
  9223 | D:8      | Killed Edmund
  9223 | D:8      | Reached skill level 5 in Fighting
  9249 | D:8      | HP: 1/68 [wyvern skeleton (14)]
  9249 | D:8      | Slain by a wyvern skeleton

Action                   |  1- 3 |  4- 6 |  7- 9 || total
-------------------------+-------+-------+-------++-------
Melee: Short sword       |    21 |       |       ||    21
       Dagger            |   114 |   214 |   382 ||   710
       Spear             |       |       |     5 ||     5
Throw: Throwing net      |     1 |     5 |       ||     6
 Abil: Bottle Blood      |       |       |     2 ||     2
  Use: Scroll            |     3 |    12 |     3 ||    18
       Potion            |       |     9 |       ||     9
 Stab: Held in net/web   |     1 |     1 |       ||     2
       Sleeping          |       |     3 |     5 ||     8
       Distracted        |       |       |     1 ||     1
